 Dungeon Crawl Stone Soup version 0.30-a0-652-gcc886f7154 (webtiles) character file.

Game seed: 16913624694499041365

145 Dittersdorf the Shield-Bearer (level 5, -3/33 HPs)
             Began as a Gargoyle Fighter on Jan 17, 2023.
             Constricted to death by Ijyb (5 damage)
             ... on level 3 of the Dungeon.
             The game lasted 00:03:31 (2195 turns).

Dittersdorf the Shield-Bearer (Gargoyle Fighter)    Turns: 2195, Time: 00:03:32

Health: -3/33      AC: 13    Str: 27    XL:     5   Next: 27%
Magic:  5/5        EV: 11    Int:  9    God:
Gold:   124        SH:  4    Dex:  9    Spells: 4/4 levels left

rFire   . . .      SeeInvis .    a - +0 flail
rCold   . . .      Faith    .    c - +0 buckler
rNeg    + . .      Spirit   .    b - +0 scale mail
rPois   ∞          Reflect  .    (no helmet)
rElec   +          Harm     .    e - +0 cloak
rCorr   .          Rampage  .    v - +0 pair of gloves
Will    .....                    (no boots) Stlth
                                 (no amulet)
HPRegen 0.25/turn                l - +6 ring of strength
MPRegen 0.09/turn                n - +5 ring of evasion

@: grasped by roots, constricted
A: sickness immunity, AC +4, negative energy resistance 1, electricity
resistance, torment resistance 1, petrification resistance
a: no special abilities


You were on level 3 of the Dungeon.
You visited 1 branch of the dungeon, and saw 3 of its levels.

You collected 124 gold pieces.

Inventory:

Hand Weapons
 a - a +0 flail (weapon)
Armour
 b - a +0 scale mail (worn)
 c - a +0 buckler (worn)
 e - a +0 cloak (worn)
 v - a +0 pair of gloves (worn)
Jewellery
 l - a +6 ring of strength (left hand)
 n - a +5 ring of evasion (right hand)
 q - a ring of willpower
 u - a ring of protection from fire
Scrolls
 h - 2 scrolls of magic mapping {unknown}
 j - a scroll of immolation {unknown}
 m - a scroll of teleportation {unknown}
 o - a scroll of identify {unknown}
 p - a scroll of poison {unknown}
 w - a scroll of fog {unknown}
 x - a scroll of fear {unknown}
Potions
 d - a potion of might
 f - 2 potions of lignification {unknown}
 g - 3 potions of mutation {unknown}
 i - 2 potions of haste {unknown}
 k - a potion of degeneration {unknown}
 r - a potion of berserk rage {unknown}
 s - a potion of resistance {unknown}
 t - a potion of heal wounds {unknown}


   Skills:
 + Level 4.2 Fighting
 + Level 3.1 Maces & Flails
 + Level 4.2 Armour
 + Level 4.2 Shields


You had 4 spell levels left.
You didn't know any spells.
Your spell library contained the following spells:

 Spells                   Type           Power      Damage    Failure   Level
 Call Canine Familiar     Summ           0%         N/A       98%         3
 Dazzling Flash           Conj/Hex       0%         N/A       98%         3
 Portal Projectile        Hex/Tloc       0%         N/A       98%         3
 Leda's Liquefaction      Hex/Erth       0%         N/A       100%        4
 Agony                    Necr           0%         N/A       100%        5
 Silence                  Hex/Air        0%         N/A       100%        5


Dungeon Overview and Level Annotations

Branches:
Dungeon (3/15)

Altars:
Dithmenos

Annotations:
D:3 Ijyb


Innate Abilities, Weirdness & Mutations

You are immune to sickness and miasma.
Your stone body is resilient. (AC +4)
You are immune to poison.
You resist negative energy. (rN+)
You are resistant to electric shocks. (rElec)
You are resistant to unholy torment.
You are immune to petrification.


Message History

The endoplasm hits you but does no damage.
Ijyb zaps a wand.
The roots erupt in riotous growth!
The grasping roots grab you!
The giant cockroach is unaffected.
The endoplasm is unaffected.
Ijyb is unaffected.
The grasping roots constrict you.
You barely miss Ijyb.
Ijyb is severely wounded.
You block the giant cockroach's attack. The endoplasm freezes you.
You are frozen.
Ijyb hits you but does no damage. The grasping roots constrict you.
The giant cockroach barely misses you. You block the endoplasm's attack.
Ijyb hits you with a +5 club.
* * * LOW HITPOINT WARNING * * *
The grasping roots constrict you.
* * * LOW HITPOINT WARNING * * *
You are too injured to fight recklessly!
You are too injured to fight recklessly!
You are too injured to fight recklessly!
You are too injured to fight recklessly!
You are too injured to fight recklessly!
You are too injured to fight recklessly!
You hit Ijyb.
Ijyb is almost dead.
You block the giant cockroach's attack. The endoplasm barely misses you.
You block Ijyb's attack. The grasping roots constrict you.
* * * LOW HITPOINT WARNING * * *
The giant cockroach bites you but does no damage.
The grasping roots release their grip on you.
You barely miss Ijyb.
Ijyb is almost dead.
Ijyb hits you but does no damage. The endoplasm closely misses you.
The giant cockroach barely misses you.
You completely miss Ijyb.
Ijyb is almost dead.
The giant cockroach barely misses you. You block the endoplasm's attack.
Ijyb zaps a wand.
The roots erupt in riotous growth!
The grasping roots grab you!
The giant cockroach is unaffected.
The endoplasm is unaffected.
Ijyb is unaffected.
The grasping roots constrict you.
You die...

. ...##
......########
##gJ@.....##
#.....Bg......#
##..####.####.#
#. ##.....##.#
#..#.......#.#
#.#.......#.#
###
#....._.....#
.<#
#.#.......#(#
#.####
#.#.......#.#


You could see Ijyb, an endoplasm, a giant cockroach and a goblin.

Vanquished Creatures
  Natasha (thrice) (D:2)
  A worm (D:2)
  A dart slug (D:1)
  3 endoplasms
  A giant cockroach (D:1)
  9 hobgoblins
  6 jackals
  4 kobolds
  7 quokkas
  5 ball pythons
  10 bats
  2 frilled lizards
  3 goblins (D:1)
  6 rats
61 creatures vanquished.

Notes
Turn   | Place    | Note
-------+----------+-------------------------------------------
     0 | D:1      | Dittersdorf the Gargoyle Fighter began the quest for the
                  | Orb.
     0 | D:1      | Reached XP level 1. HP: 14/14 MP: 1/1
   144 | D:1      | Reached XP level 2. HP: 19/19 MP: 2/2
   195 | D:1      | Found a faded altar of an unknown god.
   388 | D:1      | Reached XP level 3. HP: 21/23 MP: 3/3
  1346 | D:2      | Noticed Natasha
  1357 | D:2      | Killed Natasha
  1358 | D:2      | Reached XP level 4. HP: 8/29 MP: 4/4
  1449 | D:2      | Noticed Natasha
  1467 | D:2      | Killed Natasha
  1520 | D:2      | Noticed Natasha
  1525 | D:2      | Killed Natasha
  1526 | D:2      | Reached XP level 5. HP: 28/33 MP: 5/5
  2137 | D:3      | Found a shadowy altar of Dithmenos.
  2175 | D:3      | Noticed Ijyb
  2193 | D:3      | HP: 1/33 [constriction (5)]
  2195 | D:3      | Constricted to death by Ijyb

Illustrated notes

Levels and vault maps discovered:
D:1:      lightli_arrival_quake, layout_loops_cross,
          shapermc_ecumenical_altar_pompeii, minmay_vboxes
D:2:      layout_loops_cross, uniq_natasha
D:3:      minmay_evil_eye, layout_rooms, old_standard_altar, uniq_ijyb

Skill      XL: |  1  2  3  4 |
---------------+-------------+-----
Shields        | 4 |  4.2
Fighting       | 4 |  4.2
Armour         | 4 |  4.2
Maces & Flails | 3 |  3.1

Action                   |  1- 3 |  4- 6 || total
-------------------------+-------+-------++-------
Melee: Flail             |   136 |   102 ||   238
Armor: Scale mail        |    66 |    51 ||   117
       Skin              |       |    13 ||    13
Dodge: Dodged            |    82 |    97 ||   179
Block: Buckler           |    39 |    36 ||    75

Table legend: (Time is in decaauts)
 A = Elapsed time spent in this place.
 B = Non-inter-level travel time spent in this place.
 C = Inter-level travel time spent in this place.
 D = Time resting spent in this place.
 E = Time spent auto-exploring this place.
 F = Levels seen in this place.
 G = Mean time per level.
                   A        B        C        D        E       F      G
               +--------+--------+--------+--------+--------+-----+--------+
         Total |   2273 |   2205 |     68 |    214 |   1454 |   3 |  757.7 |
       Dungeon |   2273 |   2205 |     68 |    214 |   1454 |   3 |  757.7 |
               +--------+--------+--------+--------+--------+-----+--------+

Top non-repeatable levels by time:
     D:2: 946 daAuts
     D:1: 874 daAuts
     D:3: 452 daAuts
